 Dungeon Crawl Stone Soup version 0.30.1-11-g7821555f0a (webtiles) character file.

Game seed: 8646292550943176056

70789 Redtiger2211 the Severer (level 14, 0/140 HPs)
             Began as a Minotaur Berserker on Nov 7, 2023.
             Was the Champion of Trog.
             Slain by a jumping spider (9 damage)
             ... on level 1 of the Spider Nest on Nov 8, 2023.
             The game lasted 02:25:12 (26761 turns).

Redtiger2211 the Severer (Minotaur Berserker)      Turns: 26761, Time: 02:25:12

Health: 0/140      AC: 26    Str: 27    XL:     14   Next: 95%
Magic:  22/22      EV: 10    Int: 14    God:    Trog [******]
Gold:   1143       SH:  0    Dex:  8    Spells: 13/13 levels left

rFire   . . .        x - +9 executioner's axe of Teged {holy, MP+9 Int+4 Dex-5}
rCold   . . .        (shield currently unavailable)
rNeg    + . .        w - +0 plate armour
rPois   +            (helmet restricted)
rElec   .            A - +1 cloak
rCorr   +            d - +2 pair of gloves
SInv    .            F - +1 pair of boots of Daffodils {rC- rCorr Int+2}
Will    +....        L - amulet of regeneration Stlth
                     H - ring of Piefot {*Corrode rPois rN+ Dex+5}
HPRegen 1.23/turn    B - ring of protection from cold
MPRegen 0.18/turn

%: corrode self (3%)
@: on berserk cooldown, slowed, very slow
A: horns 2, retaliatory headbutt, clever 1, subdued magic 1, MP-powered wands,
noise suppression
a: Renounce Religion, Berserk, Trog's Hand, Brothers in Arms


You were on level 1 of the Spider Nest.
You worshipped Trog.
Trog was exalted by your worship.
You visited 3 branches of the dungeon, and saw 16 of its levels.

You collected 1225 gold pieces.
You spent 82 gold pieces at shops.

Inventory:

Hand Weapons
 n - a +5 battleaxe
 o - the +8 dagger of Freehold {flame, rPois}
   (Trog gifted it to you on level 3 of the Lair of Beasts)

   rPois:     It protects you from poison.
 x - the +9 executioner's axe of Teged (weapon) {holy, MP+9 Int+4 Dex-5}
   (You acquired it on level 6 of the Dungeon)

   Int:       It affects your intelligence (+4).
   Dex:       It affects your dexterity (-5).
   MP:        It affects your magic capacity (+9).
 G - the +3 hand axe "Giantslayer" {protect, rC+ rCorr Str+2}
   (You found it on level 7 of the Dungeon)

   Str:       It affects your strength (+2).
   rC:        It protects you from cold.
   rCorr:     It protects you from acid and corrosion.
 K - a +1 morningstar of protection
 M - a +3 lajatang of flaming
 T - a +2 scimitar of flaming
Missiles
 c - 206 stones
 f - 37 poisoned darts (quivered)
 z - 10 large rocks
 C - 3 boomerangs
 X - 2 throwing nets
Armour
 d - a +2 pair of gloves (worn)
 u - a +1 pair of boots
 w - a +0 plate armour (worn)
 A - a +1 cloak (worn)
 F - the +1 pair of boots of Daffodils (worn) {rC- rCorr Int+2}
   (You acquired it on level 6 of the Dungeon)

   Int:       It affects your intelligence (+2).
   rC:        It makes you vulnerable to cold.
   rCorr:     It protects you from acid and corrosion.
 S - +0 fire dragon scales
 Y - a +1 robe of cold resistance
Jewellery
 a - a ring of flight
 e - a +5 ring of evasion
 l - a ring of ice
 v - a +5 ring of evasion
 B - a ring of protection from cold (right hand)
 D - an amulet of reflection
 E - an amulet of guardian spirit
 H - the ring of Piefot (left hand) {*Corrode rPois rN+ Dex+5}
   (You acquired it on level 6 of the Dungeon)

   [ring of positive energy]

   Dex:       It affects your dexterity (+5).
   rPois:     It protects you from poison.
   rN:        It protects you from negative energy.
   *Corrode:  It may corrode you when you take damage.
 L - an amulet of regeneration (around neck)
 Q - an amulet of the acrobat
Wands
 q - a wand of charming (12)
 I - a wand of iceblast (13)
 J - a wand of polymorph (17)
 V - a wand of digging (8)
 W - a wand of flame (37)
 Z - a wand of mindburst (5)
Scrolls
 b - 2 scrolls of noise
 g - 4 scrolls of identify
 h - 3 scrolls of poison
 j - a scroll of fear
 m - 2 scrolls of enchant weapon
 s - a scroll of enchant armour
 y - 4 scrolls of immolation
 N - 2 scrolls of magic mapping
 R - 2 scrolls of fog
Potions
 i - 3 potions of lignification
 k - a potion of invisibility
 r - 5 potions of ambrosia
 t - 2 potions of resistance
 O - 2 potions of flight
 P - 2 potions of curing
 U - 4 potions of haste
Miscellaneous
 p - a lightning rod (2/4)


   Skills:
 + Level 17.2 Fighting
 + Level 18.7 Axes
 + Level 6.2 Throwing
 + Level 16.3 Armour
 + Level 7.3 Dodging


You had 13 spell levels left.
You didn't know any spells.
Your spell library contained the following spells:

 Spells                   Type           Power      Damage    Failure   Level
 Foxfire                  Conj/Fire      0%         2x1d4     83%         1
 Blink                    Tloc           0%         N/A       93%         2
 Static Discharge         Conj/Air       0%         2-2/arc   93%         2
 Sublimation of Blood     Necr           0%         N/A       93%         2
 Wereblood                Tmut           0%         N/A       93%         2
 Inner Flame              Hex/Fire       0%         N/A       99%         3
 Airstrike                Air            0%         2d(0-16)  100%        4
 Flame Wave               Conj/Fire      0%         2d4       100%        4
 Manifold Assault         Tloc           0%         N/A       100%        4
 Sticky Flame             Conj/Fire      0%         2d3       100%        4
 Summon Lightning Spire   Summ/Air       0%         N/A       100%        4
 Fireball                 Conj/Fire      0%         3d3       100%        5
 Plasma Beam              Fire/Air       0%         2x1d11    100%        6
 Starburst                Conj/Fire      0%         6d3       100%        6
 Storm Form               Tmut/Air       0%         N/A       100%        7
 Summon Hydra             Summ           0%         N/A       100%        7


Dungeon Overview and Level Annotations

Branches:
Dungeon (10/15)            Temple (0/1) D:4            Lair (5/5) D:10
 Spider (1/4) Lair:3        Slime (0/5) Lair:5
  Swamp: Lair:2-3    Shoals: Lair:2-3       Orc: D:9-12

Altars:
Dithmenos
Fedhas
Makhleb
Qazlal
Ru
Sif Muna
Uskayaw
Vehumet
Wu Jian
Xom
Jiyva

Shops:
D:4 (*[*?   D:7 !   D:10 *

Annotations:
D:5 2 transporters, kaesle's ghost, novice HOFi
Lair:3 exclusion: ice statue
Lair:4 exclusion: oklob plant
Spider:1 1 transporter, laqueoix's ghost, adept MfGl


Innate Abilities, Weirdness & Mutations

You have a pair of horns on your head.
You reflexively headbutt those who attack you in melee.
Your mind is acute. (Int +4, Str/Dex -1)
Your spells are a little easier to cast, but a little less powerful.
You expend magic power (3 MP) to strengthen your wands.
You passively dampen the noise of your surroundings.


Message History

The jumping spider bites you but does no damage.
The jumping spider pounces on you but does no damage.
The jumping spider closely misses you.
The jumping spider leaps!
The jumping spider barely misses you.
The jumping spider bites you but does no damage.
The jumping spider pounces on you but does no damage.
The jumping spider barely misses you.
The orb spider weaves a glowing orb of energy.
The jumping spider misses you.
The jumping spider bites you but does no damage.
An orb of destruction comes into view.
The jumping spider leaps! x3
The orb spider spins a strand of pure energy.
The jumping spider leaps!
The orb spider weaves a glowing orb of energy.
An orb of destruction comes into view.
The orb of destruction hits you!!
* * * LOW HITPOINT WARNING * * *
The jumping spider pounces on you but does no damage.
The jumping spider bites you but does no damage.
The orb spider pulsates with a strange energy.
The jumping spider pounces on you but does no damage.
The jumping spider bites you but does no damage.
The jumping spider pounces on you but does no damage.
The jumping spider bites you.
* * * LOW HITPOINT WARNING * * *
You completely miss the jumping spider. The jumping spider barely misses you.
You furiously retaliate!
You headbutt the jumping spider. The jumping spider bites you.
* * * LOW HITPOINT WARNING * * *
The jumping spider barely misses you. You furiously retaliate!
You headbutt the jumping spider! The jumping spider bites you.
* * * LOW HITPOINT WARNING * * *
Aiming: Thunderbolt
Press: ? - help, Shift-Dir - straight line The thunderbolt hits the jumping spider!
The jumping spider is severely wounded.
The jumping spider leaps!
The jumping spider pounces on you!
You die...

....## #..# .....# ##..#
.....# #...# .....#
#...#### ......# ##^....#
......# #^...## ###
......# #...#####..###
...... ##.#####......##
...... ##.## #.@s.....#
..##.. #.## ##.........
..# ## #.### #..........
..# ####...###s..........#
..###.......###.°.........
..#.........s........^....
............###...........
............# #...........
.........^s.###...........


You could see an orb spider (charged) and a jumping spider.

Vanquished Creatures
  Kirke (Lair:3)
  An emperor scorpion (Spider:1)
  A broodmother (Spider:1)
  A fire dragon (Lair:5)
  Fannar (Lair:3)
  5 hydras
  2 ice dragons
  A jorogumo (Spider:1)
  3 two-headed ogres
  4 death yaks (Lair:5)
  The ghost of odbg100 the Cleaver, a novice HOMo of Beogh (D:7)
  2 sun moths (Spider:1)
  A pharaoh ant (Spider:1)
  2 skysharks
  An orb spider (Lair:3)
  Pikel (D:7)
  A steelbarb worm (Spider:1)
  A lindwurm (Lair:5)
  A wolf spider (Spider:1)
  A cyclops (D:10)
  12 elephants (Lair:5)
  A moth of wrath (Spider:1)
  8 black mambas
  5 cane toads
  3 molten gargoyles (Lair:5)
  An efreet (D:10)
  A torpor snail (Lair:5)
  Psyche (D:9)
  2 unseen horrors
  20 komodo dragons
  3 rime drakes (Lair:4)
  A queen bee (Lair:3)
  A troll (D:10)
  9 polar bears
  12 blink frogs
  7 tarantellas (Spider:1)
  6 dream sheep (Lair:5)
  6 culicivoras (Spider:1)
  Sigmund (D:2)
  4 jumping spiders (Spider:1)
  A vampire (D:10)
  A wraith (D:10)
  29 yaks
  4 basilisks
  6 wyverns
  2 steam dragons
  7 hogs (Lair:3)
  10 redbacks (Spider:1)
  Menkaure (D:4)
  4 hell hounds (Lair:5)
  15 water moccasins
  8 ice beasts
  4 sky beasts
  4 black bears
  8 wolves
  2 ogres
  A centaur (D:9)
  3 lemures (D:7)
  4 phantoms
  A kobold brigand (D:6)
  15 bullfrogs
  3 gnoll sergeants (D:10)
  A scorpion (D:4)
  11 wights
  40 killer bees
  3 howler monkeys
  3 lava snakes (Lair:5)
  A jelly (D:8)
  6 hounds
  4 orc priests
  A gnoll bouda (D:8)
  2 sleepcaps
  Jessica (D:2)
  13 iguanas
  10 orc wizards
  11 gnolls
  10 adders
  3 white imps
  2 ufetubi
  2 dart slugs
  A worm (D:4)
  30 orcs
  7 bats
  7 endoplasms
  5 giant cockroaches
  7 goblins
  7 hobgoblins
  2 quokkas (D:1)
  8 ball pythons
  16 frilled lizards
  10 kobolds
  5 rats
498 creatures vanquished.

Vanquished Creatures (collateral kills)
  A catoblepas (Lair:3)
  A polar bear (Lair:3)
2 creatures vanquished.

Vanquished Creatures (others)
  An orc priest (D:10)
1 creature vanquished.

Grand Total: 501 creatures vanquished

Notes
Turn   | Place    | Note
-------+----------+-------------------------------------------
     0 | D:1      | Redtiger2211 the Minotaur Berserker began the quest for the
                  | Orb.
     0 | D:1      | Reached XP level 1. HP: 19/19 MP: 0/0
   151 | D:1      | Found a faded altar of an unknown god.
   915 | D:1      | Reached skill level 4 in Axes
  1093 | D:1      | Reached XP level 2. HP: 27/27 MP: 1/1
  1483 | D:1      | Reached ** piety under Trog
  1944 | D:1      | Reached XP level 3. HP: 33/33 MP: 2/2
  2027 | D:2      | Reached skill level 5 in Axes
  2187 | D:2      | Noticed Sigmund
  2219 | D:2      | Killed Sigmund
  2220 | D:2      | Reached skill level 7 in Axes
  2220 | D:2      | Reached XP level 4. HP: 19/40 MP: 3/3
  2220 | D:2      | Reached XP level 5. HP: 22/46 MP: 4/4
  3387 | D:2      | Noticed Jessica
  3399 | D:2      | Killed Jessica
  3936 | D:3      | Reached skill level 8 in Axes
  3953 | D:3      | Reached XP level 6. HP: 47/52 MP: 5/5
  5328 | D:4      | Noticed Menkaure
  5338 | D:4      | Killed Menkaure
  5339 | D:4      | Reached skill level 9 in Axes
  5339 | D:4      | Reached XP level 7. HP: 58/58 MP: 6/6
  5377 | D:4      | Reached skill level 10 in Axes
  5477 | D:4      | Found Xouw's Antique Armour Emporium.
  5533 | D:4      | Found a shimmering altar of Xom.
  5535 | D:4      | Found a blossoming altar of Fedhas.
  5677 | D:4      | Found an ornate altar of the Wu Jian Council.
  5681 | D:4      | Found Zihohuna's Assorted Antiques.
  5702 | D:4      | Bought a scroll of identify for 46 gold pieces
  5720 | D:4      | Found Vuj Myt's Antique Weapon Boutique.
  5721 | D:4      | Found Ofuusk's General Store.
  5775 | D:4      | Found a staircase to the Ecumenical Temple.
  5858 | D:4      | Reached *** piety under Trog
  5922 | D:4      | Found Jahoqig's Magic Scroll Shop.
  6673 | D:5      | Entered Level 5 of the Dungeon
  6887 | D:5      | Reached XP level 8. HP: 64/67 MP: 5/7
  6918 | D:5      | Found a shimmering blue altar of Sif Muna.
  6931 | D:5      | Found a transporter.
  6934 | D:5      | Found a transporter.
  6937 | D:5      | Noticed kaesle's ghost (novice HOFi)
  6964 | D:5      | Reached skill level 5 in Fighting
  7096 | D:5      | Reached skill level 11 in Axes
  8178 | D:6      | Reached skill level 5 in Armour
  8581 | D:6      | Found a burning altar of Makhleb.
  9317 | D:6      | Reached XP level 9. HP: 30/79 MP: 8/8
  9556 | D:6      | Reached skill level 12 in Axes
 10012 | D:6      | Identified 3 scrolls of acquirement
 10012 | D:6      | Acquired the +9 executioner's axe of Teged {holy, MP+9
                  | Int+4 Dex-5}
 10391 | D:6      | Acquired the +1 pair of boots of Daffodils {rC- rCorr
                  | Int+2}
 10393 | D:6      | Acquired the ring of Piefot {*Corrode rPois rN+ Dex+5}
 10649 | D:7      | Found a flagged portal.
 10661 | D:7      | Reached **** piety under Trog
 10671 | D:7      | Identified the +3 hand axe "Giantslayer" {protect, rC+
                  | rCorr Str+2}
 10682 | D:7      | Noticed odbg100's ghost (novice HOMo)
 10684 | D:7      | Noticed Pikel
 10693 | D:7      | Killed Pikel
 10700 | D:7      | Found a runed translucent door.
 10733 | D:7      | Killed odbg100's ghost
 10734 | D:7      | Reached skill level 13 in Axes
 11019 | D:7      | Reached XP level 10. HP: 91/91 MP: 9/9
 11580 | D:7      | Found Geacheva's Distillery.
 11589 | D:7      | Bought a potion of curing for 36 gold pieces
 12242 | D:8      | Found a sacrificial altar of Ru.
 12730 | D:8      | Found a stormy altar of Qazlal.
 13385 | D:8      | Gained mutation: Your mind is acute. (Int +4, Str/Dex -1)
                  | [potion of mutation]
 13385 | D:8      | Gained mutation: You expend magic power (3 MP) to
                  | strengthen your wands. [potion of mutation]
 13385 | D:8      | Gained mutation: Your spells are a little easier to cast,
                  | but a little less powerful. [potion of mutation]
 13385 | D:8      | Gained mutation: You passively dampen the noise of your
                  | surroundings. [potion of mutation]
 14472 | D:9      | Reached skill level 10 in Fighting
 14840 | D:9      | Noticed a two-headed ogre
 14845 | D:9      | Reached skill level 14 in Axes
 14845 | D:9      | Reached skill level 10 in Armour
 14863 | D:9      | Killed a two-headed ogre
 15191 | D:9      | Noticed Psyche
 15199 | D:9      | Killed Psyche
 15200 | D:9      | Reached XP level 11. HP: 102/102 MP: 10/10
 15510 | D:9      | Found a radiant altar of Vehumet.
 15545 | D:9      | Reached skill level 15 in Axes
 15545 | D:9      | Reached XP level 12. HP: 115/115 MP: 11/11
 15556 | D:10     | Entered Level 10 of the Dungeon
 15569 | D:10     | Found a staircase to the Lair.
 15788 | D:10     | Noticed a two-headed ogre
 15789 | D:10     | Found a shadowy altar of Dithmenos.
 15795 | D:10     | Killed a two-headed ogre
 15878 | D:10     | Noticed a two-headed ogre
 15890 | D:10     | Killed a two-headed ogre
 16716 | D:10     | Found a hide-covered altar of Uskayaw.
 16811 | D:10     | Found Eryac's Lightly-Used Armoury.
 17286 | Lair:1   | Entered Level 1 of the Lair of Beasts
 17706 | Lair:1   | Reached skill level 16 in Axes
 18444 | Lair:2   | You fall into a shaft and drop 1 floor!
 18444 | Lair:3   | Noticed Fannar
 18444 | Lair:3   | Noticed an eight-headed hydra
 18463 | Lair:3   | Killed a ten-headed hydra
 18471 | Lair:3   | Killed Fannar
 18779 | Lair:3   | Noticed Kirke
 18794 | Lair:3   | Reached ***** piety under Trog
 18798 | Lair:3   | Reached skill level 15 in Fighting
 18800 | Lair:3   | Killed Kirke
 18801 | Lair:3   | Reached XP level 13. HP: 88/126 MP: 12/12
 19313 | Lair:3   | Reached skill level 17 in Axes
 19485 | Lair:3   | Found a hole to the Spider Nest.
 19713 | Lair:3   | Identified the +8 dagger of Freehold {flame, rPois} (Trog
                  | gifted it to you on level 3 of the Lair of Beasts)
 19713 | Lair:3   | Received a gift from Trog
 21007 | Lair:4   | Reached skill level 1 in Throwing
 21207 | Lair:4   | HP: 5/192 [ten-headed hydra (12)]
 22470 | Lair:5   | Entered Level 5 of the Lair of Beasts
 22496 | Lair:5   | Reached skill level 15 in Armour
 22655 | Lair:5   | Reached XP level 14. HP: 121/138 MP: 13/13
 22696 | Lair:5   | Received a gift from Trog
 22726 | Lair:5   | Reached skill level 18 in Axes
 22764 | Lair:5   | Reached skill level 5 in Dodging
 23528 | Lair:5   | Found a viscous altar of Jiyva.
 23528 | Lair:5   | Found a staircase to the Slime Pits.
 23889 | Lair:5   | Found a large runed translucent door.
 23895 | Lair:5   | Found a large runed translucent door.
 23939 | Lair:5   | Reached skill level 5 in Throwing
 25886 | Spider:1 | Entered Level 1 of the Spider Nest
 26036 | Spider:1 | Found a frozen archway.
 26222 | Spider:1 | Noticed an emperor scorpion
 26233 | Spider:1 | Killed an emperor scorpion
 26602 | Spider:1 | Found a transporter.
 26604 | Spider:1 | Noticed laqueoix's ghost (adept MfGl)
 26671 | Spider:1 | Noticed a broodmother
 26689 | Spider:1 | Killed a broodmother
 26722 | Spider:1 | Paralysed by a jorogumo for 2 turns
 26734 | Spider:1 | Reached ****** piety under Trog
 26760 | Spider:1 | HP: 7/140 [jumping spider (1)]
 26761 | Spider:1 | Slain by a jumping spider

Illustrated notes

Levels and vault maps discovered:
D:1:      dpeg_arrival_fog, layout_loops_ring,
          shapermc_ecumenical_altar_flowoftime
D:2:      layout_basic, corexii_hall_statues_x, uniq_jessica, uniq_sigmund
D:3:      layout_basic, minmay_misc_feat_tower
D:4:      layout_gridville, mainiacjoe_overflow_chevrons, jmf_multi_god_temple,
          minmay_temple_entry_trees, serial_shops, shop, shop,
          nicolae_shop_temple_entry_statues_fountains, shop, shop,
          kennysheep_opposing_triangles, uniq_menkaure
D:5:      layout_basic, mainiacjoe_overflow_boulevard, serial_curves,
          eino_curves_02, eino_curves_04, gammafunk_ghost_hive
D:6:      layout_loops_corners, general_overflow_altar, minmay_circle_x
D:7:      layout_layer_cave, hellmonk_ghost_happy_afterlife, enter_bailey_2,
          serial_shops, shop, uniq_pikel
D:8:      layout_basic, nicolae_ru_great_annihilating_truth,
          mainiacjoe_overflow_alcove_1
D:9:      layout_roguey, mainiacjoe_overflow_small_starburst,
          hangedman_decor_slide_cut, grunt_decor_resistance,
          kennysheep_small_circle, uniq_psyche
D:10:     minmay_recursive_quarters, layout_cave_pools,
          mainiacjoe_overflow_six_doors_small, overflow_temple_1_default,
          lair_entry_dummy, minmay_shop_damaged, amethyst_killhole
Lair:1:   layout_chaotic_city, grunt_megastairs_1, serial_bayou_shore_a
Lair:2:   layout_regular_city, minmay_shoals_entry_beasts,
          minmay_lair_oklob_items, grunt_forest_stairs_basic,
          beast_lair_carwin_10
Lair:3:   layout_roguey, nicolae_spider_entry_orb_guardian, special_room
          [special_room_bee], ice2_lemuel, uniq_fannar, uniq_kirke
Lair:4:   lemuel_reptile_caves, layout_long_grid, cheibrodos_lair_lostbears,
          lemuel_fruit_tree
Lair:5:   cheibrodos_lair_end_hotspot, layout_long_grid,
          dpeg_slime_entry_enclosed, infiniplex_staircase_pool_2
Spider:1: layout_cave_pods, portal_ice_cave_entry_dragon,
          gammafunk_ghost_mausoleum

Skill      XL: |  1  2  3  4  5  6  7  8  9 10 11 12 13 14 |
---------------+-------------------------------------------+-----
Axes           | 4 7 8 9 10 11 13 14 15 16 17 18 | 18.7
Fighting       | 4 7 9 11 13 15 16 17 | 17.2
Armour         | 3 6 8 10 11 13 15 16 | 16.3
Throwing       | 3 6 |  6.2
Dodging        | 4 7 |  7.3

Action                     |  1- 3 |  4- 6 |  7- 9 | 10-12 | 13-15 || total
---------------------------+-------+-------+-------+-------+-------++-------
  Melee: Hand axe          |    63 |    60 |   225 |       |       ||   348
         Headbutt          |    10 |     9 |    39 |    56 |   103 ||   217
         Punch             |       |       |     1 |       |       ||     1
         Executioner's axe |       |       |    40 |   269 |   524 ||   833
  Throw: Dart              |       |     4 |     5 |       |     8 ||    17
 Invoke: Berserk           |     1 |     3 |     2 |     3 |     4 ||    13
         Brothers in Arms  |       |       |       |       |     1 ||     1
  Evoke: Wand              |       |       |       |     1 |       ||     1
         Lightning rod     |       |       |       |       |     2 ||     2
    Use: Scroll            |     2 |     5 |    11 |     2 |     3 ||    23
         Potion            |       |       |       |    16 |     6 ||    22
   Stab: Paralysed         |       |       |       |     1 |       ||     1
 Armour: Chain mail        |    40 |    11 |       |       |       ||    51
         Animal skin       |     1 |       |       |       |       ||     1
         Plate armour      |       |    28 |   104 |   219 |   593 ||   944
  Dodge: Dodged            |    30 |    47 |   119 |   127 |   321 ||   644
